 Dungeon Crawl Stone Soup version 0.30.0-15-g856e2d3f33 (webtiles) character file.

Game seed: 12574635838763549898

36 jlumianski the Trooper (level 3, 0/29 HPs)
             Began as a Demonspawn Fighter on May 19, 2023.
             Slain by a cerulean imp
             ... wielding a +0 spear
             ... summoned by Natasha
              (1 damage)
             ... on level 1 of the Dungeon.
             The game lasted 00:03:21 (987 turns).

jlumianski the Trooper (Demonspawn Fighter)          Turns: 987, Time: 00:03:24

Health: 0/29       AC:  6    Str: 18    XL:     3   Next: 19%
Magic:  3/3        EV:  9    Int:  9    God:
Gold:   68         SH:  4    Dex: 12    Spells: 2/2 levels left

rFire   . . .        a - +0 war axe
rCold   . . .        c - +0 buckler
rNeg    . . .        b - +0 scale mail
rPois   .            (helmet restricted)
rElec   .            (no cloak)
rCorr   .            (no gloves)
SInv    .            (no boots)
Will    .....        (no amulet) Stlth
                     (no ring)
HPRegen 0.24/turn    (no ring)
MPRegen 0.08/turn

%: no passive effects
@: mighty, slowed, very slow
A: antennae 1
a: no special abilities


You were on level 1 of the Dungeon.
You visited 1 branch of the dungeon, and saw 2 of its levels.

You collected 68 gold pieces.

Inventory:

Hand Weapons
 a - a +0 war axe (weapon)
Missiles
 h - 6 boomerangs (quivered)
 k - 5 poisoned darts
 m - 16 stones
Armour
 b - a +0 scale mail (worn)
 c - a +0 buckler (worn)
Scrolls
 e - a scroll of poison {unknown}
 f - a scroll of noise {unknown}
 i - a scroll of teleportation {unknown}
 j - 3 scrolls of identify {unknown}
Potions
 d - a potion of might
 g - a potion of heal wounds {unknown}
 l - a potion of brilliance {unknown}
 n - a potion of mutation {unknown}


   Skills:
 + Level 3.4 Fighting
 + Level 2.1 Axes
 + Level 3.3 Armour
 + Level 0.3 Dodging
 + Level 2.7 Shields


You had 2 spell levels left.
You didn't know any spells.
Your spell library was empty.

Dungeon Overview and Level Annotations

Branches:
Dungeon (2/15)

Altars:

Shops:
D:1 =

Annotations:
D:1 Natasha
D:2 Sigmund


Innate Abilities, Weirdness & Mutations

You have a pair of small antennae on your head.


Message History

You closely miss Natasha.
Natasha is severely wounded.
You block Natasha's attack.
The cerulean imp hits you from afar with a +0 spear.
Natasha claws you. The cerulean imp misses you.
You hit Natasha but do no damage.
Natasha is severely wounded.
You feel yourself speed up. You block Natasha's attack.
The cerulean imp hits you but does no damage.
You block Natasha's attack.
The cerulean imp hits you from afar with a +0 spear.
You closely miss Natasha.
Natasha is heavily wounded.
Natasha claws you.
The cerulean imp hits you but does no damage.
You barely miss Natasha.
Natasha is heavily wounded.
Natasha closely misses you.
The cerulean imp hits you from afar with a +0 spear.
* * * LOW HITPOINT WARNING * * *
You block Natasha's attack. The cerulean imp barely misses you.
You completely miss Natasha.
Natasha is heavily wounded.
Natasha claws you.
* * * LOW HITPOINT WARNING * * *
The cerulean imp hits you from afar with a +0 spear.
* * * LOW HITPOINT WARNING * * *
You barely miss Natasha.
Natasha is heavily wounded.
Natasha stares at you and mumbles some strange words.
You feel yourself slow down.
The cerulean imp hits you but does no damage.
You feel very mighty all of a sudden. Natasha claws you but does no damage.
The cerulean imp hits you from afar with a +0 spear.
* * * LOW HITPOINT WARNING * * *
Natasha barely misses you.
The cerulean imp hits you from afar with a +0 spear.
You die...

#.##.## ##.......##
#.#### ##.....## #.#
##...## #.# ##'## #.#
####.# #.## ##...)#
####..#### #∩.∩..##
#.....5†h# #......##
#.###.##@#
#∩.∩....#### #.##.#
#####...###.##
#.##.###........#...#
#..........#..#......
####.###.#..........#
#.# #.#########..#
#.# #.###8.8######
..# #.##......# ###
#.##......#


You could see Natasha (resistant) and a cerulean imp (summoned).

Vanquished Creatures
  An adder (D:2)
  A dart slug (D:2)
  2 ball pythons (D:1)
  2 endoplasms (D:1)
  2 hobgoblins (D:1)
  2 kobolds (D:2)
  A quokka (D:1)
  3 bats (D:1)
  4 goblins
  6 rats (D:1)
24 creatures vanquished.

Notes
Turn   | Place    | Note
-------+----------+-------------------------------------------
     0 | D:1      | jlumianski the Demonspawn Fighter began the quest for the
                  | Orb.
     0 | D:1      | Reached XP level 1. HP: 18/18 MP: 1/1
   352 | D:1      | Gained mutation: You have a pair of small antennae on your
                  | head. [demonic ancestry]
   352 | D:1      | Reached XP level 2. HP: 12/24 MP: 2/2
   530 | D:2      | Noticed Sigmund
   766 | D:2      | Reached XP level 3. HP: 28/29 MP: 3/3
   840 | D:1      | Found Ocudiun's Jewellery Shop.
   942 | D:2      | Noticed Natasha
   987 | D:1      | HP: 1/29 [cerulean imp/+0 spear[Natasha] (3)]
   987 | D:1      | Slain by a cerulean imp

Illustrated notes

Levels and vault maps discovered:
D:1:      mrwooster_arrival_statue_3, layout_loops_corners, serial_shops,
          nicolae_shop_competitors_out_of_business
D:2:      layout_basic, uniq_jessica, uniq_sigmund, uniq_natasha

Skill      XL: |  1  2 |
---------------+-------+-----
Armour         | 3 |  3.3
Axes           | 2 |  2.1
Fighting       | |  3.4
Dodging        | |  0.3
Shields        | |  2.7

Action                     || total
---------------------------++-------
  Melee: War axe           ||    86
    Use: Potion            ||     1
 Armour: Scale mail        ||    45
  Dodge: Dodged            ||    60
  Block: Buckler           ||    27
